 Dungeon Crawl Stone Soup version 0.31.0-10-gcf4a605ca0 (webtiles) character file.

Game seed: 8788462386107244022

77 Arcadio the Ruffian (level 4, -2/34 HPs)
             Began as a Merfolk Shapeshifter on Jan 25, 2024.
             Slain by a hobgoblin (3 damage)
             ... on level 3 of the Dungeon.
             The game lasted 00:02:45 (1671 turns).

Arcadio the Ruffian (Merfolk Shapeshifter)          Turns: 1671, Time: 00:02:45

Health: -2/34      AC:  3    Str: 16    XL:     4   Next: 33%
Magic:  4/4        EV: 13    Int:  9    God:
Gold:   118        SH:  0    Dex: 13    Spells: 3/3 levels left

rFire   . .          .
                       - Unarmed
rCold   . . .        (no shield)
rNeg    . . .        a - +1 animal skin
rPois   .            (helmet currently unavailable)
rElec   .            (cloak currently unavailable)
rCorr   +            (gloves currently unavailable)
SInv    .            (boots currently unavailable)
Will    .....        n - amulet of magic regeneration
Stlth   +            k - ring of wizardry
HPRegen 0.25/turn    p - ring of resist corrosion
MPRegen 0.49/turn

%: wizardry (x1)
@: beast-form
A: beast (slay +2), (nimble swimmer 2), mertail
a: Begin Untransformation


You were on level 3 of the Dungeon.
You were a hulking beast.
You visited 1 branch of the dungeon, and saw 3 of its levels.

You collected 118 gold pieces.

Inventory:

Armour
 a - a +1 animal skin (worn)
Jewellery
 k - a ring of wizardry (left hand)
 n - an amulet of magic regeneration (around neck)
 p - a ring of resist corrosion (right hand)
Talismans
 c - a beast talisman
 d - a flux talisman
Scrolls
 e - a scroll of enchant armour
 h - a scroll of torment {unknown}
 i - a scroll of immolation {unknown}
 l - a scroll of fog {unknown}
 m - a scroll of poison {unknown}
 o - a scroll of teleportation {unknown}
Potions
 b - a potion of lignification
 f - a potion of ambrosia {unknown}
 g - a potion of magic {unknown}
 j - a potion of curing {unknown}


   Skills:
 + Level 2.7 Fighting
 + Level 3.9 Dodging
 + Level 4.1 Unarmed Combat
 - Level 4.0 Shapeshifting


You had 3 spell levels left.
You didn't know any spells.
Your spell library was empty.

Dungeon Overview and Level Annotations

Branches:
Dungeon (3/15)

Altars:

Annotations:
D:3 Robin, Terence


Innate Abilities, Weirdness & Mutations

You are a hulking beast.
Your limbs bulge with bestial killing power. (Slay +2)
((You are very nimble when in or above water. (Stealth+, EV+, Speed+++)))
Your lower body shifts to a powerful aquatic tail in water.


Message History

Robin throws the goblin at you!
The frilled lizard hisses angrily.
You hit the hobgoblin.
The hobgoblin is severely wounded.
The goblin hits you with a +0 dagger.
You closely miss the goblin. The hobgoblin hits you.
You miss the goblin. The goblin closely misses you.
The hobgoblin barely misses you.
The goblin hits you from afar with a +0 spear!
You punch the goblin!
You kill the goblin!
The hobgoblin hits you.
The goblin hits you from afar with a +0 spear.
* * * LOW HITPOINT WARNING * * *
A hobgoblin comes into view.
The hobgoblin shouts!
A bat comes into view.
A frilled lizard comes into view.
Things that are here:
a +0 dagger; a goblin corpse The frilled lizard hisses angrily.
The hobgoblin no longer looks unusually strong.
A giant cockroach comes into view.
You closely miss the bat.
The goblin no longer looks unusually strong.
The bat barely misses you.
An endoplasm comes into view.
The hobgoblin closely misses you.
Terence the Incautious comes into view.
He is wielding a +0 hand axe.
The goblin barely misses you.
The endoplasm quivers.
You punch the bat!
You kill the bat!
The goblin no longer looks unusually strong.
The hobgoblin hits you.
* * * LOW HITPOINT WARNING * * *
An adder comes into view.
The goblin closely misses you.
The goblin no longer looks unusually strong.
The hobgoblin hits you.
You die...

#..(..# #... #
##.....# ####
#.#####......#
.............#
............##
............#
...####g#####
.....lgggg).##
...).g.####gh#
...$... ##g#
....g.g #..#
...g... .B.l.
....... .....J
.......
#........
#.@....S.
.........


You could see Terence, an adder, a giant cockroach, 2 hobgoblins, 5 goblins and
2 frilled lizards.

Vanquished Creatures
  An adder (D:2)
  2 ribbon worms
  3 dart slugs
  An orc (D:3)
  7 bats
  7 endoplasms
  4 giant cockroaches
  2 goblins (D:3)
  2 hobgoblins
  4 jackals (D:2)
  5 kobolds
  2 quokkas
  3 ball pythons
  4 frilled lizards
  5 rats (D:2)
52 creatures vanquished.

Notes
Turn   | Place    | Note
-------+----------+-------------------------------------------
     0 | D:1      | Arcadio the Merfolk Shapeshifter began the quest for the
                  | Orb.
     0 | D:1      | Reached XP level 1. HP: 15/15 MP: 1/1
    62 | D:1      | Reached XP level 2. HP: 20/21 MP: 2/2
   588 | D:1      | Reached XP level 3. HP: 25/27 MP: 3/3
   972 | D:2      | Reached XP level 4. HP: 18/34 MP: 4/4
  1654 | D:3      | Noticed Robin
  1669 | D:3      | Noticed Terence
  1670 | D:3      | HP: 1/34 [hobgoblin[Robin] (4)]
  1671 | D:3      | Slain by a hobgoblin

Illustrated notes

Levels and vault maps discovered:
D:1:      ncdulo_watergridlock, layout_loops_ring
D:2:      layout_basic
D:3:      layout_basic, uniq_terence, uniq_robin

Skill      XL: |  1  2  3 |
---------------+----------+-----
Dodging        | 3 |  3.9
Fighting       | 2 |  2.7
Unarmed Combat | 4 |  4.1
Shapeshifting  | |  4.0

Action                     |  1- 3 |  4- 6 || total
---------------------------+-------+-------++-------
  Melee: Unarmed           |    96 |    36 ||   132
         Punch             |     4 |       ||     4
    Use: Scroll            |       |     1 ||     1
   Stab: Sleeping          |     1 |       ||     1
 Armour: Animal skin       |    56 |    18 ||    74
  Dodge: Dodged            |    64 |    20 ||    84
